 Dungeon Crawl Stone Soup version 0.27.1-35-g4d5d836560 (console) character file.

Game seed: 6116546923163452502

1124 grimtooth the Conjurer (level 7, -1/50 HPs)
             Began as a Demigod Fire Elementalist on Dec 24, 2022.
             Slain by Blork the orc (5 damage)
             ... on level 6 of the Dungeon.
             The game lasted 00:27:31 (5493 turns).

grimtooth the Conjurer (Demigod Fire Elementalist)  Turns: 5493, Time: 00:27:32

Health: -1/50      AC:  4    Str: 13    XL:     7   Next: 89%
Magic:  9/12       EV: 12    Int: 21    God:
Gold:   331        SH:  0    Dex: 14    Spells: 5/9 levels left

rFire    + . .     SeeInvis .   g - +5 short sword
rCold    x . .     Faith    .   (no shield)
rNeg     . . .     Spirit   .   a - +0 robe
rPois    .         Reflect  .   b - +0 helmet
rElec    .         Harm     .   (no cloak)
rCorr    .         Rampage  .   t - +0 pair of gloves
Will     .....                  (no boots)
Stlth    ++........             (no amulet)
HPRegen  0.16/turn              w - ring of fire
MPRegen  0.13/turn              (no ring)

@: no status effects
A: high mp 1, forlorn
a: no special abilities


You were on level 6 of the Dungeon.
You visited 1 branch of the dungeon, and saw 6 of its levels.

You collected 421 gold pieces.
You spent 90 gold pieces at shops.

Inventory:

Hand Weapons
 g - a +5 short sword (weapon)
Missiles
 d - 181 stones
 e - 45 poisoned darts (quivered)
 f - 2 boomerangs
 m - a throwing net {=f}
 s - 8 javelins
 x - 24 sling bullets
Armour
 a - a +0 robe (worn)
 b - a +0 helmet (worn)
 t - a +0 pair of gloves (worn)
Jewellery
 w - a ring of fire (left hand)
Wands
 y - a wand of acid (5)
Scrolls
 h - 5 scrolls of enchant armour {unknown}
 i - a scroll of vulnerability {unknown}
 j - 3 scrolls of fog {unknown}
 l - a scroll of acquirement {unknown}
 n - a scroll of torment
 q - a scroll of magic mapping
 r - 2 scrolls of teleportation
 u - a scroll of fear {unknown}
 v - a scroll of summoning {unknown}
Potions
 c - 5 potions of might
 k - 4 potions of magic
 o - 3 potions of brilliance
 p - a potion of cancellation


   Skills:
 - Level 1.7 Dodging
 - Level 1.7 Stealth
 - Level 1.7 Spellcasting
 + Level 7.0 Conjurations
 - Level 6.0 Fire Magic


You had 5 spell levels left.
You knew the following spells:

 Your Spells              Type           Power      Damage    Failure   Level
a - Foxfire               Conj/Fire      100%       2x1d9     1%          1
c - Conjure Flame         Conj/Fire      43%        6-21      3%          3

Your spell library contained the following spells:

 Spells                   Type           Power      Damage    Failure   Level
 Sticky Flame             Conj/Fire      43%        2d6       11%         4
 Inner Flame              Hex/Fire       21%        N/A       13%         3
 Corona                   Hex            1%         N/A       16%         1
 Freeze                   Ice            4%         1d3       16%         1
 Ensorcelled Hibernation  Hex/Ice        2%         N/A       22%         2
 Fireball                 Conj/Fire      21%        3d10      28%         5
 Hailstorm                Conj/Ice       16%        3d6       34%         4
 Call Canine Familiar     Summ           1%         N/A       41%         3
 Frozen Ramparts          Ice            2%         1d2       41%         3
 Portal Projectile        Hex/Tloc       2%         N/A       41%         3
 Tukima's Dance           Hex            1%         N/A       41%         3
 Leda's Liquefaction      Hex/Erth       0%         N/A       83%         4


Dungeon Overview and Level Annotations

Branches:
Dungeon (6/15)
 Temple: D:4-7

Shops:
D:2 !   D:4 *

Annotations:
D:3 Grinder
D:4 exclusion: ogre
D:6 Blork the orc


Innate Abilities, Weirdness & Mutations

Your attributes grow dramatically as you level up.
You have an increased reservoir of magic. (+10% MP)
You shall have no god before yourself.


Message History

The puff of frost misses you.
Casting: Foxfire (safe; 1% risk of failure)
Confirm with . or Enter, or press ? or * to list all spells.
You feel a surge of power!
You conjure some foxfire!
The foxfire hits Blork the orc.
Blork the orc is lightly wounded.
Your foxfire dissipates!
Casting: Foxfire (safe; 1% risk of failure)
Confirm with . or Enter, or press ? or * to list all spells.
You feel a surge of power!
You conjure some foxfire!
Blork the orc casts a spell.
Blork the orc seems to speed up.
The foxfire hits Blork the orc but does no damage.
Blork the orc is lightly wounded.
The foxfire hits Blork the orc.
Blork the orc is moderately wounded.
Casting: Foxfire (safe; 1% risk of failure)
Confirm with . or Enter, or press ? or * to list all spells.
You feel a surge of power!
You conjure some foxfire!
Blork the orc closely misses you.
Blork the orc hits you with a +0 scimitar.
You puncture Blork the orc!
Blork the orc is severely wounded.
The foxfire hits Blork the orc.
Blork the orc is severely wounded.
Blork the orc hits you with a +0 scimitar!
* * * LOW HITPOINT WARNING * * *
You hit Blork the orc.
Blork the orc is almost dead.
Blork the orc closely misses you.
Blork the orc looks angry.
Blork the orc closely misses you.
You hit Blork the orc.
Blork the orc is almost dead.
Blork the orc hits you with a +0 scimitar!
* * * LOW HITPOINT WARNING * * *
You hit Blork the orc.
Blork the orc is almost dead.
Blork the orc hits you with a +0 scimitar.
You die...

#.# ####.# ##.## #....#
########...###.#..#
#..............#..##########
#.######...#####..##.......#
#.# ##.## #..##.#####... #.#
#.######............ #.#
#........)##.####### #.#
############.# #.#
#########.# #.# #@.....<..#
# #.# #o###########.# #.#
#.#####....:.# #.#
#..)........## #.#
####.##.####.# #.# #.##.#
#.# #.#### #.##.# ... #..[.#
#######.##.# ### ####.#
........##.# #.#
.######.##.. #.# #.####


You could see Blork the orc (fast).

Vanquished Creatures
  A yak (D:5)
  2 water moccasins (D:5)
  A necrophage (D:5)
  A centaur (D:5)
  An ogre (D:6)
  A scorpion (D:5)
  A water moccasin zombie (D:4)
  3 jellies
  2 orc priests
  An iguana (D:5)
  A hound skeleton (D:3)
  Robin (D:3)
  4 gnolls (D:4)
  6 adders
  2 adder skeletons (D:4)
  A worm (D:2)
  3 dart slugs
  15 orcs
  6 ball pythons
  6 endoplasms
  3 giant cockroaches
  11 goblins
  7 hobgoblins
  4 jackals (D:5)
  4 quokkas
  7 bats
  4 frilled lizards
  9 kobolds
  7 rats
115 creatures vanquished.

Vanquished Creatures (others)
  319 foxfires
319 creatures vanquished.

Grand Total: 434 creatures vanquished

Notes
Turn   | Place    | Note
-------+----------+-------------------------------------------
     0 | D:1      | grimtooth the Demigod Fire Elementalist began the quest for
                  | the Orb.
     0 | D:1      | Reached XP level 1. HP: 14/14 MP: 5/5
    24 | D:1      | Reached skill level 1 in Conjurations
   578 | D:1      | Reached XP level 2. HP: 20/20 MP: 1/7
  1038 | D:2      | Reached skill level 2 in Conjurations
  1038 | D:2      | Reached XP level 3. HP: 26/26 MP: 4/8
  1069 | D:2      | Found Olenwics's Distillery.
  1159 | D:2      | Bought a potion of curing for 30 gold pieces
  1395 | D:2      | Learned a level 3 spell: Conjure Flame
  1459 | D:3      | Noticed Grinder
  1569 | D:3      | Noticed Robin
  1594 | D:3      | Killed Robin
  1595 | D:3      | Reached XP level 4. HP: 33/33 MP: 2/9
  2060 | D:3      | Reached skill level 3 in Conjurations
  2560 | D:4      | Reached XP level 5. HP: 38/38 MP: 6/10
  2598 | D:4      | Noticed an ogre
  2940 | D:4      | Found Darghe Jiogi's Assorted Antiques.
  2945 | D:4      | Bought a scroll labelled GALEOL JATOIT for 20 gold pieces
  2945 | D:4      | Bought a scroll labelled GALEOL JATOIT for 20 gold pieces
  2945 | D:4      | Bought a scroll labelled EHAISI UZERO for 20 gold pieces
  3104 | D:4      | HP: 1/38 [gnoll (8)]
  3324 | D:5      | Entered Level 5 of the Dungeon
  3355 | D:5      | Noticed a necrophage
  3367 | D:5      | Killed a necrophage
  3368 | D:5      | Reached skill level 4 in Conjurations
  3368 | D:5      | Reached skill level 5 in Fire Magic
  3368 | D:5      | Reached XP level 6. HP: 45/45 MP: 8/11
  3832 | D:5      | Noticed a yak
  3832 | D:5      | Noticed a yak
  3832 | D:5      | Noticed a yak
  3832 | D:5      | Noticed a yak
  3832 | D:5      | Noticed a yak
  3838 | D:5      | Noticed a yak
  3884 | D:5      | Killed a yak
  3885 | D:5      | Reached skill level 5 in Conjurations
  3885 | D:5      | Reached XP level 7. HP: 42/50 MP: 7/12
  4147 | D:5      | HP: 1/50 [scorpion (5)]
  4149 | D:5      | - one more step to live or die
  4150 | D:5      | - yay
  4560 | D:5      | Reached skill level 6 in Conjurations
  5473 | D:6      | Noticed Blork the orc
  5482 | D:6      | Reached skill level 7 in Conjurations
  5493 | D:6      | Slain by Blork the orc

Illustrated notes

###....##########.
+.................
###....##########.
####.#.### #.
#.........# ##.
#.###.###.# #..
#.###.########.# #
..#.##.[...#[# #
#.#.##.._..#.#
#.#####.#.##.....#..
#..@s.....##⌠#.#⌠#.#
#######(######.###.#
.(c.....# #.# #..
######### #.# ###
#.##### #......
#######


Turn 4149 on D:5: - one more step to live or die ###....##########
+................ ###....########## .####.#.### # #.........# ## #.###.###.# #.
#. #.###.########. #. # ..#.##.[...#[ #. #.#.##.._..#. #.#####.#.##.....#.
#.@.†.....##⌠#.#⌠#. #######(######.###. .(c.....# #.# #. ######### #.# ## #.####
#..... ###### Turn 4150 on D:5: - yay

Levels and vault maps discovered:
D:1:      dpeg_arrival_arbitrary_c, layout_loops_cross
D:2:      layout_basic, serial_shops, nicolae_shop_statue_plus,
          chequers_mini_garden
D:3:      minmay_razor_zed, layout_basic, gammafunk_temple_overflow_claw,
          hangedman_decor_clover_reticule, grunt_ministairs_8, grunt_decor_cap,
          uniq_robin, uniq_grinder
D:4:      layout_loops_ring, serial_shops, kennysheep_little_box
D:5:      layout_loops_corners, mainiacjoe_overflow_alcove_2,
          chequers_decorated_corner, minivault_19
D:6:      layout_loops_ring, minmay_temple_entry_stoned_glass,
          nicolae_ossuary_entry_monument, uniq_blork_the_orc

Skill      XL: |  1  2  3  4  5  6  7 |
---------------+----------------------+-----
Conjurations   | 1 2 3 4 5 7 |  7.0
Fire Magic     | 3 4 5 6 |  6.0
Dodging        | |  1.7
Stealth        | |  1.7
Spellcasting   | |  1.7

Action                   |  1- 3 |  4- 6 |  7- 9 || total
-------------------------+-------+-------+-------++-------
Melee: Short sword       |    12 |    53 |    22 ||    87
Throw: Dart              |       |     9 |     5 ||    14
 Cast: Foxfire           |    70 |    84 |    31 ||   185
       Conjure Flame     |       |     1 |       ||     1
  Use: Scroll            |       |     6 |     1 ||     7
       Potion            |       |     1 |     3 ||     4
Armor: Robe              |    18 |    12 |     8 ||    38
Dodge: Dodged            |    57 |    42 |    22 ||   121
